 Dungeon Crawl Stone Soup version 0.27.0-1-g7a089689b8 (webtiles) character file.

Game seed: 4862846424755898860

9620 robertstho the Grappler (level 11, -3/107 HPs)
             Began as a Troll Fighter on Aug 5, 2021.
             Was an Elder of Okawaru.
             Slain by a slime creature (12 damage)
             ... on level 10 of the Dungeon.
             The game lasted 00:11:18 (8141 turns).

robertstho the Grappler (Troll Fighter)             Turns: 8141, Time: 00:11:18

Health: -3/107     AC:  8    Str: 28    XL:     11   Next: 25%
Magic:  13/13      EV: 12    Int:  5    God:    Okawaru [****..]
Gold:   1551       SH: 17    Dex:  9    Spells: 10/10 levels left

rFire    . . .     SeeInvis .   e - +7 mace of Gallantry {flame, rC+}
rCold    + . .     Faith    .   A - +0 tower shield {AC+3}
rNeg     . . .     Spirit   .   a - +0 robe
rPois    +         Reflect  .   (helmet restricted)
rElec    .         Harm     .   u - +0 cloak
rCorr    .         Rampage  .   (gloves unavailable)
Will     .....                  (boots unavailable)
Stlth    +.........             (no amulet)
HPRegen  1.27/turn              t - +4 ring of evasion
MPRegen  0.13/turn              c - ring of poison resistance

@: no status effects
A: large, unfitting armour, claws 3, regeneration 1, shaggy fur 1, tough skin 1
a: Renounce Religion, Heroism


You were on level 10 of the Dungeon.
You worshipped Okawaru.
Okawaru was greatly pleased with you.
You visited 2 branches of the dungeon, and saw 11 of its levels.
You also visited: Ossuary.

You collected 1551 gold pieces.

Inventory:

Hand Weapons
 e - the +7 mace of Gallantry (weapon) {flame, rC+}
   (You found it on level 6 of the Dungeon)

   It burns those it strikes, dealing additional fire damage.
   rC:        It protects you from cold.
Armour
 a - a +0 robe (worn)
 u - a +0 cloak (worn)
 A - a +0 tower shield of protection (worn)
Jewellery
 c - a ring of poison resistance (right claw)
 t - a +4 ring of evasion (left claw)
Wands
 l - a wand of digging (4)
 y - a wand of iceblast (5)
Scrolls
 b - a scroll of blinking
 d - 4 scrolls of enchant weapon
 h - a scroll of torment
 j - 2 scrolls of teleportation
 q - a scroll of fog
 v - a scroll of amnesia {unknown}
 x - a scroll of immolation
Potions
 f - 4 potions of brilliance
 g - 2 potions of attraction
 i - 3 potions of curing
 m - a potion of mutation
 n - 2 potions of magic
 o - a potion of cancellation {unknown}
 p - a potion of lignification {unknown}
 r - 3 potions of resistance {unknown}
 s - 2 potions of flight {unknown}
 w - a potion of ambrosia


   Skills:
 * Level 6.9 Fighting
 + Level 5.4 Maces & Flails
 + Level 5.7 Dodging
 - Level 0.3 Stealth
 + Level 7.3 Shields
 + Level 9.3 Unarmed Combat
 * Level 4.6 Invocations
 + Level 0.2 Evocations


You had 10 spell levels left.
You didn't know any spells.
Your spell library contained the following spells:

 Spells                   Type           Power      Damage    Failure   Level
 Animate Skeleton         Necr           0%         N/A       95%         1
 Apportation              Tloc           0%         N/A       95%         1
 Pain                     Necr           0%         1d4       95%         1
 Sublimation of Blood     Necr           0%         N/A       99%         2
 Wereblood                Tmut           0%         N/A       99%         2
 Inner Flame              Hex/Fire       0%         N/A       100%        3
 Tukima's Dance           Hex            0%         N/A       100%        3
 Vampiric Draining        Necr           0%         2d6       100%        3
 Airstrike                Air            0%         N/A       100%        4
 Cause Fear               Hex            0%         N/A       100%        4
 Passage of Golubria      Tloc           N/A        N/A       100%        4
 Summon Lightning Spire   Summ/Air       0%         N/A       100%        4
 Alistair's Intoxication  Tmut/Pois      0%         N/A       100%        5
 Lightning Bolt           Conj/Air       0%         1d11      100%        5
 Yara's Violent Unravell  Hex/Tmut       0%         3d3       100%        5
 Invisibility             Hex            0%         N/A       100%        6
 Dragon Form              Tmut           0%         N/A       100%        7
 Summon Hydra             Summ           0%         N/A       100%        7
 Discord                  Hex            0%         N/A       100%        8
 Dragon's Call            Summ           0%         N/A       100%        9


Dungeon Overview and Level Annotations

Branches:
Dungeon (10/15)            Temple (1/1) D:7            Lair (0/6) D:10
    Orc (0/2) D:9         Ossuary (visited)

Altars:
Ashenzari
Cheibriados
Dithmenos
Elyvilon
Fedhas
Gozag
Hepliaklqana
Kikubaaqudgha
Makhleb
Nemelex Xobeh
Okawaru
Qazlal
Ru
Sif Muna
Trog
Uskayaw
Vehumet
Wu Jian
Xom
Yredelemnul
Zin
The Shining One

Shops:
D:4 =

Annotations:
D:3 3 runed translucent doors, MRpancake's ghost, amateur MiMo; SnakkuSnakku7's ghost, amateur PaCK; butteredtoast's ghost, weakling TrMo; nicksoapdish's ghost, amateur OpCj; pkoi's ghost, amateur MiMo
D:10 3 runed translucent doors, 2FriedEggs's ghost, journeyman TeSu; bnorton916's ghost, journeyman DECj; dolemite99's ghost, journeyman DsGl; fiver49's ghost, journeyman DsBr


Innate Abilities, Weirdness & Mutations

You are too large for most types of armour.
You have claws for hands.
Your natural rate of healing is unusually fast.
You are covered in fur. (AC +1)
You have tough skin. (AC +1)


Message History

You are too injured to fight recklessly!
You are too injured to fight recklessly!
You are too injured to fight recklessly!
You are too injured to fight recklessly!
You are too injured to fight recklessly!
You are too injured to fight recklessly!
You are too injured to fight recklessly!
You are too injured to fight recklessly!
You are too injured to fight recklessly!
You are too injured to fight recklessly!
You are too injured to fight recklessly!
You are too injured to fight recklessly!
You are too injured to fight recklessly!
You are too injured to fight recklessly!
You are too injured to fight recklessly!
You are too injured to fight recklessly!
You sock the slime creature! You burn the slime creature.
The slime creature is almost dead.
You block the slime creature's attack. The slime creature hits you!
You block the slime creature's attack. The slime creature misses you.
You sock the slime creature! You burn the slime creature.
You kill the slime creature!
Okawaru accepts your kill. The slime creature hits you.
* * * LOW HITPOINT WARNING * * *
You thump the slime creature! You burn the slime creature.
The slime creature is moderately wounded.
You block the slime creature's attack. The slime creature hits you!
* * * LOW HITPOINT WARNING * * *
You thump the slime creature! You burn the slime creature.
The slime creature is heavily wounded.
The slime creature hits you!
* * * LOW HITPOINT WARNING * * *
You sock the slime creature! You burn the slime creature.
The slime creature is heavily wounded.
You block the slime creature's attack.
You hit the slime creature. You burn the slime creature.
The slime creature is severely wounded.
The slime creature hits you!
You die...

#........#
#..####..#
#........# #..#
#..# #........#
#..# #.)#
#........# #..#
#..# #........#
#..# #..#
#........# #..#
#..# #........#
#..# #..#
#^.......# #..#
#..# #......@.#
#..# #.......J#
...# #$.......#
#........#
#.........
#.............#
#.............#
#........###..#
#.... ........#
#..# #...#


You could see a slime creature.

Vanquished Creatures
  A two-headed ogre (D:10)
  Sonja (D:10)
  Pikel (D:5)
  4 slime creatures (D:10)
  A gargoyle (D:10)
  A komodo dragon (D:10)
  2 kobold demonologists (D:9)
  A troll (D:10)
  Prince Ribbit (D:5)
  Sigmund (D:3)
  8 yaks
  A wraith (D:10)
  4 wargs (D:9)
  2 ice beasts
  A sky beast (D:6)
  A necrophage (D:5)
  An ogre (D:4)
  A lemure (D:5)
  2 phantoms
  2 kobold brigands
  3 centaurs
  A gnoll sergeant (D:8)
  2 bullfrogs
  A water moccasin zombie (D:5)
  4 scorpions
  8 killer bees
  2 howler monkeys
  6 centaur zombies
  A gnoll shaman (D:7)
  A jelly (D:4)
  2 bullfrog skeletons
  Crazy Yiuf (D:6)
  An orc priest (D:7)
  6 hounds
  A centaur skeleton (D:7)
  4 iguanas
  Jessica (D:3)
  5 orc wizards
  A killer bee zombie (D:8)
  3 mummies (Ossuary)
  9 gnolls
  2 howler monkey skeletons
  6 adders
  2 shadow imps
  A white imp (D:6)
  2 ufetubi
  4 adder zombies (Ossuary)
  3 worms
  5 dart slugs
  13 orcs
  3 bats
  8 endoplasms
  3 giant cockroaches
  8 goblins
  4 hobgoblins
  4 jackals (D:4)
  14 kobolds
  2 quokkas
  4 ball pythons
  4 frilled lizards
  6 goblin zombies (Ossuary)
  2 hobgoblin zombies (Ossuary)
  A kobold zombie (Ossuary)
  2 quokka zombies (Ossuary)
  4 rats
  3 rat zombies (Ossuary)
  A bush (D:6)
211 creatures vanquished.

Vanquished Creatures (others)
  3 plants (D:10)
  2 withered plants (D:10)
5 creatures vanquished.

Grand Total: 216 creatures vanquished

Notes
Turn   | Place    | Note
-------+----------+-------------------------------------------
     0 | D:1      | robertstho the Troll Fighter began the quest for the Orb.
     0 | D:1      | Reached XP level 1. HP: 22/22 MP: 0/0
    75 | D:1      | Reached XP level 2. HP: 29/29 MP: 1/1
   283 | D:1      | Reached XP level 3. HP: 32/36 MP: 2/2
   324 | D:1      | Found a faded altar of an unknown god.
  1278 | D:3      | Reached skill level 3 in Unarmed Combat
  1278 | D:3      | Reached XP level 4. HP: 44/44 MP: 3/3
  1445 | D:3      | Found a snail-covered altar of Cheibriados.
  1513 | D:3      | Noticed Sigmund
  1521 | D:3      | Killed Sigmund
  1522 | D:3      | Reached skill level 4 in Unarmed Combat
  1522 | D:3      | Reached XP level 5. HP: 51/53 MP: 4/4
  1535 | D:3      | Found a runed translucent gate.
  1535 | D:3      | Found a runed translucent gate.
  1535 | D:3      | Found a runed translucent gate.
  1537 | D:3      | Noticed SnakkuSnakku7's ghost (amateur PaCK)
  1537 | D:3      | Noticed pkoi's ghost (amateur MiMo)
  1540 | D:3      | Noticed butteredtoast's ghost (weakling TrMo)
  1541 | D:3      | Noticed nicksoapdish's ghost (amateur OpCj)
  1541 | D:3      | Noticed MRpancake's ghost (amateur MiMo)
  1616 | D:3      | Reached XP level 6. HP: 52/61 MP: 5/5
  1808 | D:3      | Noticed Jessica
  1810 | D:3      | Killed Jessica
  1844 | D:3      | Found a shimmering altar of Xom.
  1853 | D:3      | Found a glowing golden altar of the Shining One.
  2177 | D:4      | Reached skill level 5 in Unarmed Combat
  2180 | D:4      | Found a sand-covered staircase.
  2186 | Ossuary  | Entered an ossuary
  2429 | D:4      | Reached XP level 7. HP: 68/68 MP: 6/6
  2703 | D:4      | Reached skill level 6 in Unarmed Combat
  2892 | D:4      | Found Sanaymp's Jewellery Shoppe.
  3014 | D:5      | Entered Level 5 of the Dungeon
  3243 | D:5      | Reached skill level 7 in Unarmed Combat
  3272 | D:5      | Noticed Pikel
  3294 | D:5      | Killed Pikel
  3295 | D:5      | Reached XP level 8. HP: 23/79 MP: 7/7
  3452 | D:5      | Noticed Prince Ribbit
  3465 | D:5      | Killed Prince Ribbit
  3466 | D:5      | Reached skill level 8 in Unarmed Combat
  4398 | D:6      | Identified a scroll of acquirement
  4412 | D:6      | Acquired 870 gold pieces
  4438 | D:6      | Reached XP level 9. HP: 72/85 MP: 8/8
  4578 | D:6      | Reached skill level 5 in Shields
  4722 | D:6      | Reached skill level 9 in Unarmed Combat
  4920 | D:6      | Found a basalt altar of Yredelemnul.
  5110 | D:6      | Identified the +7 mace of Gallantry {flame, rC+}
  5113 | D:6      | Found a runed translucent door.
  5114 | D:6      | Noticed Crazy Yiuf
  5208 | D:6      | Killed Crazy Yiuf
  5372 | D:7      | Found a staircase to the Ecumenical Temple.
  5378 | D:7      | Reached skill level 5 in Fighting
  5403 | Temple   | Entered the Ecumenical Temple
  5630 | Temple   | Became a worshipper of Warmaster Okawaru
  5824 | D:7      | Reached skill level 1 in Maces & Flails
  5836 | D:7      | Found a bloodstained altar of Trog.
  5908 | D:7      | Reached skill level 1 in Invocations
  6317 | D:8      | Reached * piety under Okawaru
  6742 | D:9      | Acquired a +0 tower shield of protection
  6791 | D:9      | Found a staircase to the Orcish Mines.
  6799 | D:9      | Reached XP level 10. HP: 96/97 MP: 10/10
  6949 | D:9      | Reached ** piety under Okawaru
  6955 | D:9      | Reached skill level 5 in Dodging
  6963 | D:9      | Noticed a rust devil
  7043 | D:9      | Found a sparkling altar of Nemelex Xobeh.
  7411 | D:10     | Entered Level 10 of the Dungeon
  7411 | D:10     | Noticed Sonja
  7414 | D:10     | Killed Sonja
  7414 | D:10     | Reached *** piety under Okawaru
  7416 | D:10     | Found a runed translucent gate.
  7416 | D:10     | Found a runed translucent gate.
  7416 | D:10     | Found a runed translucent gate.
  7445 | D:10     | Noticed fiver49's ghost (journeyman DsBr)
  7445 | D:10     | Noticed 2FriedEggs's ghost (journeyman TeSu)
  7445 | D:10     | Noticed dolemite99's ghost (journeyman DsGl)
  7445 | D:10     | Noticed bnorton916's ghost (journeyman DECj)
  7547 | D:10     | Found a staircase to the Lair.
  7673 | D:10     | Noticed a two-headed ogre
  7696 | D:10     | Killed a two-headed ogre
  7696 | D:10     | Reached **** piety under Okawaru
  7701 | D:10     | Reached XP level 11. HP: 68/107 MP: 13/13
  7881 | D:10     | Reached skill level 5 in Maces & Flails
  7981 | D:10     | Found an ancient bone altar of Kikubaaqudgha.
  8141 | D:10     | Slain by a slime creature

Illustrated notes

Levels and vault maps discovered:
D:1:      psy_arrival_conway, layout_basic,
          hellmonk_ecumenical_altar_pennies_from_heaven, st_stairs_1
D:2:      minmay_angry_zag, layout_rooms, chequers_arboretum
D:3:      layout_loops_corners, slow_altar_1, mainiacjoe_overflow_swirl,
          gammafunk_ghost_cemetery, uniq_jessica, uniq_sigmund
D:4:      layout_basic, lightli_ossuary_entry_decrepit_ruins, serial_shops,
          kennysheep_mini_moat
D:5:      layout_layer_cave, uniq_pikel, uniq_prince_ribbit1
D:6:      layout_cave_pods, general_overflow_altar, uniq_crazy_yiuf_cottage
D:7:      layout_basic, trog_book, minmay_temple_entry_ruins
D:8:      layout_rooms
D:9:      layout_basic, nemelex_xobeh_ov_fountains_minmay,
          minmay_orc_entry_guard_dogs
D:10:     layout_long_grid, mainiacjoe_overflow_brackets, david_lair_shrubbed,
          gammafunk_ghost_cemetery, uniq_sonja
Temple:   regret_index_temple_generic_petals

Skill      XL: |  1  2  3  4  5  6  7  8  9 10 11 |
---------------+----------------------------------+-----
Unarmed Combat | 3 4 5 7 8 9 |  9.3
Dodging        | 3 4 5 |  5.7
Fighting       | 3 4 5 6 |  6.9
Shields        | 3 4 6 7 |  7.3
Maces & Flails | 2 4 5 |  5.4
Invocations    | 2 4 |  4.6
Stealth        | |  0.3
Evocations     | |  0.2

Action                   |  1- 3 |  4- 6 |  7- 9 | 10-12 || total
-------------------------+-------+-------+-------+-------++-------
Melee: Unarmed           |   122 |   117 |   192 |       ||   431
       Mace              |       |       |   182 |   250 ||   432
Invok: Heroism           |       |       |       |     5 ||     5
Evoke: Wand              |       |       |       |     3 ||     3
  Use: Scroll            |       |     7 |    13 |       ||    20
       Potion            |       |       |     6 |     2 ||     8
Armor: Robe              |    27 |    33 |    91 |    42 ||   193
Dodge: Dodged            |    33 |    20 |   168 |    90 ||   311
Block: Kite shield       |    45 |    15 |       |       ||    60
       Tower shield      |       |    55 |   437 |   235 ||   727
